 Dungeon Crawl Stone Soup version 0.30-a0-743-gbfdf073431 (webtiles) character file.

Game seed: 13884132487349312718

26 cforsyth the Caller (level 3, -3/19 HPs)
             Began as a Tengu Summoner on Feb 6, 2023.
             Slain by a kobold
             ... wielding a +0 whip of distortion
              (19 damage)
             ... on level 1 of the Dungeon.
             The game lasted 00:02:40 (695 turns).

cforsyth the Caller (Tengu Summoner)                 Turns: 695, Time: 00:02:40

Health: -3/19      AC:  2    Str:  8    XL:     3   Next: 8%
Magic:  1/8        EV: 12    Int: 17    God:
Gold:   25         SH:  0    Dex: 14    Spells: 4/7 levels left

rFire   . . .      SeeInvis .    (no weapon)
rCold   . . .      Faith    .    (no shield)
rNeg    . . .      Spirit   .    a - +0 robe
rPois   .          Reflect  .    (helmet restricted)
rElec   .          Harm     .    (no cloak)
rCorr   .          Rampage  .    (no gloves)
Will    .....                    (boots unavailable)
Stlth   ++                       (no amulet)
HPRegen 0.23/turn                (no ring)
MPRegen 0.11/turn                (no ring)

@: no status effects
A: beak, talons 3
a: no special abilities


You were on level 1 of the Dungeon.
You visited 1 branch of the dungeon, and saw 1 of its levels.

You collected 25 gold pieces.

Inventory:

Armour
 a - a +0 robe (worn)
Scrolls
 e - a scroll of poison {unknown}
 g - a scroll of amnesia {unknown}
Potions
 b - a potion of magic
 c - a potion of resistance {unknown}
 d - a potion of heal wounds {unknown}
 f - a potion of curing {unknown}


   Skills:
 - Level 2.1 Dodging
 - Level 2.0 Stealth
 + Level 2.7 Spellcasting
 + Level 5.4 Summonings


You had 4 spell levels left.
You knew the following spells:

 Your Spells              Type           Power      Damage    Failure   Level
a - Summon Small Mammal   Summ           80%        N/A       1%          1
b - Call Imp              Summ           20%        N/A       3%          2

Your spell library contained the following spells:

 Spells                   Type           Power      Damage    Failure   Level
 Call Canine Familiar     Summ           20%        N/A       6%          3
 Summon Guardian Golem    Hex/Summ       11%        N/A       19%         3
 Summon Lightning Spire   Summ/Air       11%        N/A       52%         4


Dungeon Overview and Level Annotations

Branches:
Dungeon (1/15)

Altars:

Shops:
D:1 !


Innate Abilities, Weirdness & Mutations

You have a beak for a mouth.
You have claws for feet.


Message History

Your quokka closely misses the jackal.
The jackal barely misses your quokka.
Your quokka barely misses the jackal.
The jackal closely misses your quokka.
Your quokka barely misses the jackal.
The jackal bites your quokka.
Your quokka closely misses the jackal.
The jackal closely misses your quokka. The jackal closely misses your quokka.
Your quokka bites the jackal.
The jackal bites your quokka.
Your quokka misses the jackal. The jackal closely misses your quokka.
Your quokka bites the jackal.
The jackal dies!
The kobold hits your quokka but does no damage.
Your quokka closely misses the kobold.
The kobold barely misses your quokka.
Your quokka misses the kobold.
The kobold hits your quokka but does no damage.
Space warps horribly around your quokka!
Your quokka dies!
Your quokka's corpse disappears in a puff of smoke!
Your crimson imp misses the kobold.
The kobold completely misses your crimson imp.
Your crimson imp blinks!
Your crimson imp disappears in a puff of smoke!
The kobold barely misses you.
Casting: Summon Small Mammal (safe; 1% risk of failure)
Confirm with . or Enter, or press ? or * to list all spells.
A beastly little devil appears in a puff of frigid air.
The kobold closely misses you.
Casting: Call Imp (safe; 3% risk of failure)
Confirm with . or Enter, or press ? or * to list all spells.
You don't have enough magic to cast this spell.
Casting: Call Imp (safe; 3% risk of failure)
Confirm with . or Enter, or press ? or * to list all spells.
You don't have enough magic to cast this spell.
The kobold misses you. The kobold closely misses you.
Your white imp gestures at the kobold.
The puff of frost misses the kobold.
The kobold hits you with a +0 whip of distortion.
Space warps horribly around you!!
Ouch! That really hurt!
You die...

.................#
################.#
#># ####### #.####
....... #....##
######.
##.##..####
#.........#
#.#)∩.###.#
#.@5......#
#.K.####### ##.##
#.# #.#####
#...r.# #####h#
#.# ###### #r#


You could see a kobold (ally target) and a friendly white imp (summoned).

Vanquished Creatures
  An endoplasm (D:1)
  A giant cockroach (D:1)
  A bat (D:1)
  A frilled lizard (D:1)
  A kobold (D:1)
5 creatures vanquished.

Vanquished Creatures (collateral kills)
  A dart slug (D:1)
  2 ball pythons (D:1)
  An endoplasm (D:1)
  A goblin (D:1)
  3 jackals (D:1)
  3 kobolds (D:1)
  A quokka (D:1)
  A bat (D:1)
  A frilled lizard (D:1)
  4 rats (D:1)
18 creatures vanquished.

Grand Total: 23 creatures vanquished

Notes
Turn   | Place    | Note
-------+----------+-------------------------------------------
     0 | D:1      | cforsyth the Tengu Summoner began the quest for the Orb.
     0 | D:1      | Reached XP level 1. HP: 10/10 MP: 4/4
   205 | D:1      | Reached skill level 5 in Summonings
   309 | D:1      | Reached XP level 2. HP: 13/15 MP: 3/6
   315 | D:1      | Learned a level 2 spell: Call Imp
   597 | D:1      | Found Aliny's Distillery.
   655 | D:1      | Reached XP level 3. HP: 11/19 MP: 2/7
   695 | D:1      | Slain by a kobold

Illustrated notes

Levels and vault maps discovered:
D:1:      dpeg_arrival_morbid_curiosity, layout_loops_ring, serial_shops,
          nicolae_shop_stone

Skill      XL: |  1 |
---------------+----+-----
Summonings     | 5 |  5.4
Dodging        | |  2.1
Stealth        | |  2.0
Spellcasting   | |  2.7

Action                     || total
---------------------------++-------
  Melee: Unarmed           ||    20
         Kick              ||     7
         Peck              ||     3
         Punch             ||     1
   Cast: Summon Small Mamm ||    28
         Call Imp          ||     4
   Stab: Distracted        ||     1
 Armour: Robe              ||    10
  Dodge: Dodged            ||    27

Table legend: (Time is in decaauts)
 A = Elapsed time spent in this place.
 B = Non-inter-level travel time spent in this place.
 C = Inter-level travel time spent in this place.
 D = Time resting spent in this place.
 E = Time spent auto-exploring this place.
 F = Levels seen in this place.
 G = Mean time per level.
                   A        B        C        D        E       F      G
               +--------+--------+--------+--------+--------+-----+--------+
         Total |    695 |    695 |      0 |      0 |    431 |   1 |  695.0 |
       Dungeon |    695 |    695 |      0 |      0 |    431 |   1 |  695.0 |
               +--------+--------+--------+--------+--------+-----+--------+

Top non-repeatable levels by time:
     D:1: 695 daAuts
